 Dungeon Crawl Stone Soup version 0.25.0-41-g26779e291d (webtiles) character file.

Game seed: 1213447502092804086

312 wojtek the Chopper (level 6, 0/52 HPs)
             Began as a Minotaur Fighter on July 10, 2020.
             Succumbed to a scorpion's poison
             ... on level 3 of the Dungeon.
             The game lasted 00:01:56 (2471 turns).

wojtek the Chopper (Minotaur Fighter)               Turns: 2471, Time: 00:01:57

Health: 0/52       AC:  9    Str: 23    XL:     6   Next: 18%
Magic:  5/5        EV:  5    Int:  5    God:
Gold:   89         SH:  9    Dex:  9    Spells: 5/5 levels left

rFire    . . .     SeeInvis .   a - +0 war axe
rCold    . . .     Gourm    .   c - +0 kite shield
rNeg     . . .     Faith    .   n - +0 chain mail
rPois    .         Spirit   .   (helmet restricted)
rElec    .         Reflect  .   (no cloak)
rCorr    .         Harm     .   (no gloves)
MR       .....                  (no boots)
Stlth    ..........             (no amulet)
HPRegen  0.17/turn              (no ring)
MPRegen  0.09/turn              (no ring)

@: lethally poisoned (0 -> -2), stab
A: retaliatory headbutt, horns 2
a: no special abilities


You were on level 3 of the Dungeon.
You were not hungry.

You visited 1 branch of the dungeon, and saw 3 of its levels.

You collected 89 gold pieces.

Inventory:

Hand Weapons
 a - a +0 war axe (weapon)
Armour
 c - a +0 kite shield (worn)
 n - a +0 chain mail (worn)
Wands
 b - a wand of polymorph (8)
 p - a wand of random effects (12)
Scrolls
 h - 7 scrolls of identify {unknown}
 k - 2 scrolls of enchant weapon {unknown}
 l - a scroll of teleportation {unknown}
 m - a scroll of fear {unknown}
Potions
 d - a potion of might
 e - 2 potions of curing {unknown}
 g - a potion of lignification {unknown}
 i - a potion of ambrosia {unknown}
 j - 2 potions of stabbing
Comestibles
 f - 5 rations
 o - 7 chunks of flesh


   Skills:
 + Level 4.2 Fighting
 - Level 7.0 Axes
 + Level 4.2 Armour
 + Level 4.2 Shields


You had 5 spell levels left.
You didn't know any spells.
Your spell library contained the following spells:

 Spells                   Type           Power        Failure   Level  Hunger
 Corona                   Hex            #......      100%        1    ##.....
 Ensorcelled Hibernation  Hex/Ice        #.....       100%        2    ###....
 Confusing Touch          Hex            #.......     100%        3    ####...
 Dazzling Flash           Conj/Hex       #.....       100%        3    ####...
 Tukima's Dance           Hex            #.......     100%        3    ####...


Dungeon Overview and Level Annotations

Branches:
Dungeon (3/15)

Altars:


Innate Abilities, Weirdness & Mutations

You reflexively headbutt those who attack you in melee.
You have a pair of horns on your head.


Message History

You have reached level 6!
Your experience leads to an increase in your attributes!
Increase (S)trength, (I)ntelligence, or (D)exterity?
You feel stronger.
You feel sick.
Things that are here:
a +0 trident; an orc corpse You feel sick.
Items here: ))) [ † a +0 hand axe; a +0 dagger; a +0 robe; a +0 flail; an orc corpse You start resting.
You feel sick.
The quokka is too close now for your liking.
You feel sick.
The quokka twitches its whiskers.
You block the quokka's attack.
You hit the quokka but do no damage. The quokka bites you.
* * * LOW HITPOINT WARNING * * *
It was a potion of stabbing.
You feel ready to backstab.
You die...

#..........####...##
#.#.......## ##.##
#.##.....## #.#
..###...## #.# ###
##+## #.# #.# #.#
#.# #@# #r# . # #.#
....#.###)#
...r...)).#
....#.##### . #


You could see a quokka.

Vanquished Creatures
  2 scorpions
  An orc priest (D:3)
  An orc wizard (D:3)
  A howler monkey zombie (D:2)
  4 gnolls (D:2)
  3 adders
  An ooze (D:2)
  A worm (D:2)
  3 dart slugs (D:1)
  A leopard gecko (D:2)
  4 orcs (D:3)
  7 giant cockroaches
  4 goblins
  4 hobgoblins
  6 jackals
  7 kobolds
  A quokka (D:2)
  4 bats
  3 frilled lizards
  8 rats
66 creatures vanquished.

Notes
Turn   | Place    | Note
-------+----------+-------------------------------------------
     0 | D:1      | wojtek the Minotaur Fighter began the quest for the Orb.
     0 | D:1      | Reached XP level 1. HP: 19/19 MP: 0/0
   148 | D:1      | Reached skill level 3 in Axes
   171 | D:1      | Reached XP level 2. HP: 17/26 MP: 1/1
   463 | D:1      | Reached skill level 4 in Axes
   972 | D:1      | Reached XP level 3. HP: 31/31 MP: 2/2
  1233 | D:2      | Reached skill level 5 in Axes
  1495 | D:2      | Reached XP level 4. HP: 38/39 MP: 3/3
  1559 | D:2      | Reached skill level 6 in Axes
  1954 | D:2      | Reached XP level 5. HP: 27/45 MP: 4/4
  2372 | D:3      | Reached skill level 7 in Axes
  2460 | D:3      | Reached XP level 6. HP: 6/52 MP: 5/5
  2470 | D:3      | HP: 1/52 [quokka (3)]
  2471 | D:3      | Succumbed to a scorpion's poison

Illustrated notes

Levels and vault maps discovered:
D:1:      ncdulo_halloftheorcs, layout_basic
D:2:      layout_rooms
D:3:      layout_loops_corners, serial_park_tiny_2, uniq_ijyb, uniq_jessica,
          uniq_crazy_yiuf_cottage

Skill      XL: |  1  2  3  4  5 |
---------------+----------------+-----
Axes           | 3 4 5 6 7 |  7.0
Fighting       | 4 |  4.2
Armour         | 4 |  4.2
Shields        | 4 |  4.2

Action                   |  1- 3 |  4- 6 || total
-------------------------+-------+-------++-------
Melee: War axe           |   101 |    82 ||   183
       Headbutt          |    16 |    11 ||    27
  Use: Potion            |       |     1 ||     1
  Eat: Chunk             |     2 |     3 ||     5
Armor: Scale mail        |    36 |     1 ||    37
       Chain mail        |       |    29 ||    29
Dodge: Dodged            |    28 |    16 ||    44
Block: Kite shield       |    51 |    35 ||    86
